AoeStats
← Axiss134

MegaRandom

510327022Analyzed
2v2 RM · 2d ago on Sep 30, 2026· 55m 22s· 4 players
Game mode
Random Map
Map size
Medium (4 player)
Population
200
Speed
Normal
Resources
Standard
Victory
Conquest
Starting age
Dark Age
Ending age
Imperial Age
RankedLock teamsTeams togetherTeam positionsShared explorationLock speedFull tech treeHidden civsTurbo modeCheats
Victory
Defeat
🇫🇷 Spanish · France
785
+14
🇫🇷 Maya · France
764
+14
🇩🇪 Varangians · Germany
746
-14
🇮🇹 Celts · Italy
718
-14
Official-Spyro
4:39 Loom
13:15 Feudal Age
13:58 Horse Collar
22:02 Castle Age
21:31 Double-Bit Axe
22:56 Bloodlines
22:09 Light Cavalry
28:36 Forging
29:01 Scale Barding Armor
29:24 Husbandry
30:21 Heavy Plow
30:19 Treadmill Crane
30:59 Ballistics
30:36 Murder Holes
30:49 Fletching
31:52 Wheelbarrow
31:03 Town Watch
33:10 Bodkin Arrow
33:37 Chain Barding Armor
34:58 Iron Casting
34:56 Gambesons
35:11 Squires
34:57 Arson
36:09 Fortified Wall
36:10 Masonry
40:38 Imperial Age
39:25 Scale Mail Armor
40:42 Cavalier
42:03 Plate Barding Armor
42:39 Blast Furnace
42:31 Chain Mail Armor
43:26 Chemistry
43:05 Heated Shot
43:09 Hussar
45:05 Siege Engineers
44:51 Guard Tower
48:41 Architecture
50:33 Crop Rotation
50:58 Elite Jarl
52:12 Vendel Legacy
53:13 Pikeman
55:02 Conscription
salvo.anfuso
2:14 Loom
11:33 Feudal Age
22:28 Castle Age
21:06 Horse Collar
21:15 Double-Bit Axe
21:38 Gold Mining
25:54 Caravan
26:26 Coinage
31:24 Imperial Age
35:05 Banking
38:15 Scale Barding Armor
38:11 Scale Mail Armor
38:12 Padded Archer Armor
38:03 Fletching
46:05 Wheelbarrow
48:47 Stronghold
50:19 Heavy Plow
51:46 Town Watch
53:32 Hand Cart
Predix
9:42 Loom
11:28 Feudal Age
18:16 Double-Bit Axe
18:12 Horse Collar
18:53 Stone Mining
19:46 Wheelbarrow
19:57 Gold Mining
20:17 Scale Barding Armor
20:22 Forging
20:05 Fletching
20:15 Padded Archer Armor
23:48 Castle Age
23:53 Pikeman
24:34 Squires
24:20 Arson
24:54 Bow Saw
25:33 Town Watch
26:35 Stone Shaft Mining
27:17 Heavy Plow
27:57 Town Patrol
28:23 Husbandry
28:34 Bloodlines
29:42 Hand Cart
30:15 Thumb Ring
29:31 Elite Skirmisher
32:26 Chain Barding Armor
32:16 Forging
32:02 Bodkin Arrow
32:23 Leather Archer Armor
38:19 Imperial Age
39:43 Iron Casting
39:08 Scale Mail Armor
42:02 Plate Barding Armor
42:27 Blast Furnace
40:55 Cavalier
42:01 Onager
43:53 Inquisition
44:15 Conscription
45:57 Halberdier
47:18 Hoardings
46:49 Paladin
49:39 Ring Archer Armor
49:09 Bracer
49:25 Chain Mail Armor
49:38 Elite Conquistador
51:17 Ballistics
51:11 Masonry
50:56 Murder Holes
Axiss134
10:42 Loom
14:17 Feudal Age
15:24 Town Watch
16:17 Wheelbarrow
15:40 Double-Bit Axe
26:42 Castle Age
25:36 Gold Mining
25:37 Stone Mining
28:45 Hand Cart
28:31 Town Patrol
29:12 Crossbowman
30:33 Pikeman
33:08 Ballistics
33:00 Fortified Wall
34:47 Eagle Warrior
35:30 Hul'che Javelineers
34:54 Elite Skirmisher
38:30 Imperial Age
37:42 Murder Holes
38:31 Fletching
38:41 Padded Archer Armor
38:52 Forging
38:43 Scale Mail Armor
38:45 Elite Plumed Archer
39:31 Bodkin Arrow
42:41 Bracer
42:56 Leather Archer Armor
44:33 Chemistry
43:24 Guard Tower
44:37 Halberdier
48:56 Horse Collar
49:30 Bow Saw
49:57 Stone Shaft Mining
Connection lost

Rejoining the realm…

Still unreachable

The connection could not be restored.

Session expired

The server has moved on; the page needs a fresh start.